 Dungeon Crawl Stone Soup version 0.30-a0-458-g86641cc369 (webtiles) character file.

Game seed: 16387406101990049172

7271 jlumianski the Cleaver (level 10, -5/80 HPs)
             Began as a Demonspawn Fighter on Dec 14, 2022.
             Was a Believer of Okawaru.
             Slain by a cyan ugly thing (16 damage)
             ... on level 10 of the Dungeon on Dec 15, 2022.
             The game lasted 00:59:20 (9171 turns).

jlumianski the Cleaver (Demonspawn Fighter)         Turns: 9171, Time: 00:59:21

Health: -5/80      AC: 18    Str: 21    XL:     10   Next: 89%
Magic:  14/14      EV:  9    Int: 13    God:    Okawaru [**....]
Gold:   539        SH:  0    Dex: 11    Spells: 9/9 levels left

rFire   . . .      SeeInvis .    a - +0 war axe
rCold   + . .      Faith    .    (no shield)
rNeg    . . .      Spirit   .    F - +0 plate armour
rPois   +          Reflect  .    w - +1 helmet
rElec   .          Harm     .    y - +2 cloak {rPois}
rCorr   .          Rampage  .    (no gloves)
Will    .....                    (no boots)
Stlth   ..........               r - amulet of regeneration
HPRegen 1.13/turn                (no ring)
MPRegen 0.14/turn                (no ring)

@: about to teleport
A: repulsion field 1, foul stench 1, demonic touch 2, hooves 1, clever 1, cold
resistance 1
a: Renounce Religion, Heroism


You were on level 10 of the Dungeon.
You worshipped Okawaru.
Okawaru was pleased with you.
You visited 2 branches of the dungeon, and saw 12 of its levels.

You collected 693 gold pieces.
You spent 154 gold pieces at shops.

Inventory:

Hand Weapons
 a - a +0 war axe (weapon)
 u - the +1 whip of Gamil {vorpal, rPois rC++ Dex-4}
   (You found it on level 2 of the Dungeon)

   It inflicts extra damage upon your enemies.
   Dex:       It affects your dexterity (-4).
   rC:        It greatly protects you from cold.
   rPois:     It protects you from poison.
 x - a +3 spear
Missiles
 e - 2 silver boomerangs
 j - 75 stones
 q - 34 poisoned darts (quivered)
 I - a curare-tipped dart
Armour
 b - a +0 scale mail
 c - a +0 buckler
 p - a scarf of shadows
 w - a +1 helmet (worn)
 y - a +2 cloak of poison resistance (worn)
 F - a +0 plate armour (worn)
Jewellery
 f - a ring of magical power
 l - a ring of ice
 o - a ring of ice
 r - an amulet of regeneration (around neck)
 G - a ring of wizardry
Wands
 A - a wand of polymorph (8)
 C - a wand of charming (10)
Scrolls
 h - 3 scrolls of immolation
 k - a scroll of poison
 m - a scroll of enchant weapon
Potions
 d - 2 potions of might
 g - 3 potions of flight
 i - 2 potions of mutation
 n - 4 potions of brilliance
 s - 2 potions of magic
 t - a potion of lignification
 v - a potion of haste
 z - 6 potions of curing
 B - 3 potions of attraction
 D - a potion of invisibility
 E - a potion of heal wounds {unknown}
 K - a potion of degeneration {unknown}


   Skills:
 * Level 8.1 Fighting
 + Level 9.8 Axes
 + Level 2.3 Throwing
 + Level 6.6 Armour
 + Level 3.7 Dodging
 + Level 1.5 Stealth
 - Level 4.5 Shields
 * Level 5.4 Invocations
 * Level 2.5 Evocations


You had 9 spell levels left.
You didn't know any spells.
Your spell library contained the following spells:

 Spells                   Type           Power      Damage    Failure   Level
 Foxfire                  Conj/Fire      0%         2x1d4     99%         1
 Blink                    Tloc           0%         N/A       100%        2
 Cigotuvi's Dreadful Rot  Necr/Pois/Air  0%         N/A       100%        2
 Momentum Strike          Conj/Tloc      0%         3d8       100%        2
 Lesser Beckoning         Tloc           0%         N/A       100%        3
 Dispel Undead            Necr           0%         3d6       100%        4
 Fireball                 Conj/Fire      0%         3d3       100%        5
 Starburst                Conj/Fire      0%         6d3       100%        6
 Death Channel            Necr           Unusable   N/A       N/A         6

Dungeon Overview and Level Annotations

Branches:
Dungeon (11/15)            Temple (1/1) D:4             Orc (0/2) D:10
   Lair: D:8-11

Altars:
Ashenzari
Cheibriados
Dithmenos
Fedhas
Gozag
Hepliaklqana
Kikubaaqudgha
Makhleb
Nemelex Xobeh
Okawaru
Qazlal
Ru
Sif Muna
Trog
Uskayaw
Vehumet
Wu Jian
Xom
Yredelemnul

Shops:
D:4 :   D:6 !

Annotations:
D:2 Sigmund
D:8 2 runed translucent doors, exclusion: statue, Lobster4's ghost, novice DEFE
D:9 3 runed translucent doors, cforsyth's ghost, journeyman MiBe


Innate Abilities, Weirdness & Mutations

You are surrounded by a mild repulsion field. (EV +2)
You may rarely emit foul miasma when damaged in melee.
Your touch may inflict irresistible damage on your foes.
You have large cloven feet.
Your mind is acute. (Int +4, Str/Dex -1)
Your flesh is cold resistant. (rC+)


Message History

The ogre hits you with a +0 giant club!
You slash the ogre!
You kill the ogre!
Okawaru accepts your kill.
Things that are here:
a +0 giant club; an ogre corpse
There is a stone staircase leading down here.
You start resting.
HP restored.
You gain the combat prowess of a mighty hero.
You climb downwards.
The cyan ugly thing gurgles horribly!
The ogre barely misses you.
The ogre hits you with a +0 giant spiked club!!
The cyan ugly thing barely misses you.
There is a stone staircase leading up, spattered with blood here.
The ogre hits you with a +0 giant spiked club!
The ogre hits you but does no damage.
The cyan ugly thing tentacle-slaps you but does no damage.
You climb upwards.
There is a stone staircase leading down here.
The ogre attacks as you move away!
The ogre hits you with a +0 giant spiked club!
There is an open door here.
Okay, then.
The cyan ugly thing attacks as you move away!
The cyan ugly thing barely misses you.
The cyan ugly thing tentacle-slaps you but does no damage.
The cyan ugly thing attacks as you move away!
The cyan ugly thing tentacle-slaps you. The cyan ugly thing shocks you!
* * * LOW HITPOINT WARNING * * *
You feel like a meek peon again.
The cyan ugly thing attacks as you move away!
The cyan ugly thing barely misses you.
The ogre looks more healthy.
Unknown command.
As you read the scroll of teleportation, it crumbles to dust.
You feel strangely unstable. The cyan ugly thing tentacle-slaps you!
* * * LOW HITPOINT WARNING * * *
The cyan ugly thing shocks you!
You die...

.#..###.####...#....#
#..............#....#
#..............#....#
#..............#....#
#..............#....#
#..............#....#
###'##..########....#
#.#####...........#
#.....#.......@...#
#.[...#.......u...#
#.....#.......O...#
#.....#...........#
#.....'.......O...#
#..##.#...........#
##############....#
#....#....#
#....#....#


You could see a cyan ugly thing and 2 ogres.

Vanquished Creatures
  A two-headed ogre (D:9)
  An orc knight (D:10)
  Joseph (D:8)
  A troll (D:9)
  A hornet (D:10)
  A wraith (D:9)
  4 yaks (D:10)
  A wyvern (D:10)
  A steam dragon (D:7)
  3 vampire mosquitoes (D:10)
  Duvessa (D:5)
  An acid dragon (D:10)
  A water moccasin (D:7)
  3 sky beasts
  3 orc warriors
  2 ice beasts (D:7)
  3 black bears
  An ogre (D:10)
  4 wolves (D:9)
  2 phantoms
  6 bullfrogs
  2 kobold brigands
  A necrophage (D:7)
  A gnoll sergeant (D:8)
  3 scorpions
  4 wights
  Dowan (D:5)
  3 killer bees (D:9)
  6 howler monkeys
  Crazy Yiuf (D:5)
  3 orc priests
  A gnoll bouda (D:8)
  3 hounds
  A jelly (D:5)
  5 iguanas
  3 orc wizards
  9 gnolls
  7 adders
  A white imp (D:7)
  2 worms (D:4)
  A dart slug (D:4)
  26 orcs
  5 ball pythons
  5 bats
  12 endoplasms
  7 goblins
  9 hobgoblins
  6 jackals (D:1)
  14 kobolds
  A quokka (D:2)
  A frilled lizard (D:1)
  3 rats
189 creatures vanquished.

Vanquished Creatures (others)
  4 fungi (D:5)
4 creatures vanquished.

Grand Total: 193 creatures vanquished

Notes
Turn   | Place    | Note
-------+----------+-------------------------------------------
     0 | D:1      | jlumianski the Demonspawn Fighter began the quest for the
                  | Orb.
     0 | D:1      | Reached XP level 1. HP: 18/18 MP: 1/1
   118 | D:1      | Gained mutation: You are surrounded by a mild repulsion
                  | field. (EV +2) [demonic ancestry]
   118 | D:1      | Reached XP level 2. HP: 24/24 MP: 2/2
   174 | D:1      | Reached skill level 2 in Axes
   636 | D:2      | Reached XP level 3. HP: 29/29 MP: 3/3
   682 | D:3      | Found an ornate altar of the Wu Jian Council.
   716 | D:2      | Noticed Sigmund
  1232 | D:2      | Reached XP level 4. HP: 35/35 MP: 4/4
  1393 | D:2      | Identified the +1 whip of Gamil {vorpal, rPois rC++ Dex-4}
  1548 | D:2      | Reached skill level 3 in Axes
  1722 | D:3      | Found a sacrificial altar of Ru.
  1771 | D:4      | Noticed a black bear
  1777 | D:3      | Killed a black bear
  1778 | D:3      | Reached skill level 1 in Dodging
  1778 | D:3      | Reached XP level 5. HP: 41/41 MP: 5/5
  1822 | D:5      | Entered Level 5 of the Dungeon
  1917 | D:3      | Gained mutation: Your mind is acute. (Int +4, Str/Dex -1)
                  | [potion of mutation]
  1917 | D:3      | Gained mutation: Your flesh is cold resistant. (rC+)
                  | [potion of mutation]
  1917 | D:3      | Gained mutation: You have large cloven feet. [potion of
                  | mutation]
  1920 | D:3      | Reached skill level 4 in Axes
  2312 | D:4      | Found a bloodstained altar of Trog.
  2358 | D:4      | Reached XP level 6. HP: 47/48 MP: 6/6
  2480 | D:4      | Found an opulent altar of Gozag.
  2620 | D:4      | Found a staircase to the Ecumenical Temple.
  2630 | D:4      | Found Cuazofeibb's Book Shoppe.
  2635 | Temple   | Entered the Ecumenical Temple
  2783 | D:4      | Found a basalt altar of Yredelemnul.
  3001 | D:5      | Gained mutation: Your touch may inflict minor irresistible
                  | damage on your foes. [demonic ancestry]
  3001 | D:5      | Reached XP level 7. HP: 54/54 MP: 7/7
  3009 | D:5      | Reached skill level 5 in Axes
  3009 | D:5      | Reached skill level 1 in Stealth
  3055 | D:5      | Found a bloodstained altar of Trog.
  3606 | D:5      | Found a shimmering altar of Xom.
  3607 | D:5      | Found a shimmering altar of Xom.
  3607 | D:5      | Found a shimmering altar of Xom.
  3652 | D:5      | Noticed Dowan
  4029 | D:5      | Noticed Duvessa
  4042 | D:5      | Killed Duvessa
  4043 | D:5      | Reached skill level 1 in Throwing
  4049 | D:5      | Killed Dowan
  4050 | D:5      | Gained mutation: You may rarely emit foul miasma when
                  | damaged in melee. [demonic ancestry]
  4050 | D:5      | Reached XP level 8. HP: 33/61 MP: 8/8
  4111 | D:5      | Found a runed translucent door.
  4111 | D:5      | Noticed Crazy Yiuf
  4307 | D:5      | Killed Crazy Yiuf
  4535 | D:6      | Found Naotish's Distillery.
  4538 | D:6      | Bought a potion of invisibility for 112 gold pieces
  4538 | D:6      | Bought a potion of curing for 42 gold pieces
  4594 | D:6      | Reached skill level 6 in Axes
  5062 | D:7      | Identified the +1 leather armour "Loble" {Contam Str+6}
  5126 | D:7      | Reached skill level 5 in Fighting
  5182 | D:7      | Reached skill level 7 in Axes
  5547 | D:8      | Found a radiant altar of Vehumet.
  5665 | D:8      | Reached skill level 5 in Armour
  5809 | D:7      | Reached XP level 9. HP: 49/69 MP: 9/9
  6018 | D:7      | Found a blossoming altar of Fedhas.
  6240 | D:8      | Found a sparkling altar of Nemelex Xobeh.
  6330 | D:8      | Found a large runed translucent door.
  6330 | D:8      | Found a large runed translucent door.
  6344 | D:8      | Noticed Lobster4's ghost (novice DEFE)
  6374 | D:8      | Noticed Joseph
  6391 | D:8      | Killed Joseph
  6392 | D:8      | Reached skill level 8 in Axes
  6396 | D:8      | Noticed a +0 short sword
  6396 | D:8      | Noticed a +0 falchion
  6397 | D:8      | Noticed a +0 spear
  6397 | D:8      | Noticed a +0 dagger
  6397 | D:8      | Noticed a +0 falchion
  6398 | D:8      | Noticed a +0 short sword
  6398 | D:8      | Noticed a +0 dagger
  6421 | D:8      | Noticed a +0 spear
  6423 | D:8      | Found a hide-covered altar of Uskayaw.
  6606 | D:8      | Found an iron altar of Okawaru.
  6618 | D:8      | Became a worshipper of Warmaster Okawaru
  6733 | D:7      | Reached skill level 1 in Invocations
  7264 | D:9      | Found a runed translucent gate.
  7317 | D:9      | Found a runed translucent gate.
  7318 | D:9      | Found a runed translucent gate.
  7319 | D:9      | Found an opulent altar of Gozag.
  7325 | D:9      | Noticed a troll
  7325 | D:9      | Noticed cforsyth's ghost (journeyman MiBe)
  7325 | D:9      | Noticed a skeletal warrior
  7325 | D:9      | Noticed a white ugly thing
  7334 | D:10     | Entered Level 10 of the Dungeon
  7394 | D:9      | Noticed a troll
  7405 | D:9      | Killed a troll
  7405 | D:9      | Reached * piety under Okawaru
  7555 | D:10     | Gained mutation: Your touch may inflict irresistible damage
                  | on your foes. [demonic ancestry]
  7555 | D:10     | Reached XP level 10. HP: 57/79 MP: 12/12
  8045 | D:10     | Reached skill level 9 in Axes
  8073 | D:10     | Reached skill level 1 in Evocations
  8097 | D:10     | Reached ** piety under Okawaru
  8131 | D:10     | Found a stormy altar of Qazlal.
  8312 | D:11     | Noticed a cyan ugly thing
  8364 | D:10     | Found a staircase to the Orcish Mines.
  8477 | D:9      | Noticed a two-headed ogre
  8493 | D:9      | Killed a two-headed ogre
  8669 | D:10     | Noticed an orc knight
  8684 | D:10     | Killed an orc knight
  8685 | D:10     | Reached skill level 5 in Invocations
  8888 | D:10     | Found a shadowy altar of Dithmenos.
  9171 | D:10     | Slain by a cyan ugly thing

Illustrated notes

Levels and vault maps discovered:
D:1:      dpeg_arrival_tiny_a, layout_basic, minmay_door_square
D:2:      layout_loops_ring, minmay_increasing_density, uniq_sigmund
D:3:      layout_rooms, lemuel_tele_altar, mainiacjoe_overflow_24_doors,
          nicolae_tso_carved_into_rock, solitary_fountain,
          hangedman_decor_peaks_small
D:4:      layout_rooms, mainiacjoe_overflow_alcove_2,
          mainiacjoe_overflow_brackets, general_overflow_altar,
          elyvilon_altar_5, minmay_temple_entry_glassed_door, serial_shops,
          nicolae_shop_competitors_out_of_business
D:5:      layout_basic, xom_redecorated, minmay_ruined_shrine,
          uniq_crazy_yiuf_cottage, uniq_duvessa
D:6:      layout_loops_cross, serial_shops, nicolae_shop_behind_doors,
          minmay_strange_pillars
D:7:      layout_basic, mainiacjoe_overflow_alcove_1
D:8:      layout_basic, nicolae_uskayaw_en_pointe, vehumet_statue,
          lemuel_coloured_pillars_altar, nemelex_xobeh_ov_fountains_minmay,
          ebering_ghost_disaster_area, uniq_joseph
D:9:      layout_basic, erik_lair_island, ebering_ghost_gozag
D:10:     layout_gridville, kennysheep_mini_moat,
          nicolae_qazlal_general_emergency, orc_david_3,
          hangedman_abyss_or_decor_passed
D:11:     gammafunk_worm_tunnel, layout_irregular_city, kennysheep_kite_vault,
          uniq_amaemon, uniq_lodul
Temple:   hellmonk_temple_two_chambers

Skill      XL: |  1  2  3  4  5  6  7  8  9 10 |
---------------+-------------------------------+-----
Axes           | 2 3 4 5 7 8 9 |  9.8
Shields        | 3 4 |  4.5
Armour         | 3 4 5 6 |  6.6
Dodging        | 1 2 3 |  3.7
Fighting       | 4 5 7 8 |  8.1
Stealth        | 1 |  1.5
Throwing       | 1 2 |  2.3
Invocations    | 2 5 |  5.4
Evocations     | 2 |  2.5

Action                   |  1- 3 |  4- 6 |  7- 9 | 10-12 || total
-------------------------+-------+-------+-------+-------++-------
Melee: War axe           |   112 |   156 |   360 |   125 ||   753
       Kick              |       |    22 |   106 |    36 ||   164
       Touch             |       |       |       |    22 ||    22
       Punch             |       |       |       |     4 ||     4
Throw: Boomerang         |     2 |       |     1 |       ||     3
       Dart              |       |     5 |    27 |    15 ||    47
Invok: Heroism           |       |       |       |     4 ||     4
  Use: Potion            |       |     4 |       |       ||     4
       Scroll            |       |    11 |     8 |     2 ||    21
Armor: Scale mail        |    61 |    69 |   168 |    28 ||   326
       Plate armour      |       |       |       |    32 ||    32
Dodge: Dodged            |    71 |    99 |   232 |   105 ||   507
Block: Buckler           |    35 |    38 |    80 |     6 ||   159

Table legend: (Time is in decaauts)
 A = Elapsed time spent in this place.
 B = Non-inter-level travel time spent in this place.
 C = Inter-level travel time spent in this place.
 D = Time resting spent in this place.
 E = Time spent auto-exploring this place.
 F = Levels seen in this place.
 G = Mean time per level.
                   A        B        C        D        E       F      G
               +--------+--------+--------+--------+--------+-----+--------+
         Total |   9412 |   9240 |    172 |    195 |   4676 |  12 |  784.3 |
       Dungeon |   9380 |   9208 |    172 |    195 |   4676 |  11 |  852.7 |
        Temple |     31 |     31 |      0 |      0 |      0 |   1 |   31.0 |
               +--------+--------+--------+--------+--------+-----+--------+

Top non-repeatable levels by time:
     D:5: 1498 daAuts
    D:10: 1039 daAuts
     D:7: 1033 daAuts
     D:9: 974 daAuts
     D:6: 917 daAuts
     D:8: 896 daAuts
     D:2: 896 daAuts
     D:3: 712 daAuts
     D:4: 679 daAuts
     D:1: 672 daAuts
    D:11: 61 daAuts
  Temple: 31 daAuts
